3AAA
HARTFORD PRIDE @ SUNSET DISTRICT FOG
09/05/2041
 
TOP OF THE 1ST
Hartford Pride batting - Pitching for Sunset District Fog : LHP Cory bin Nasir al Din
Pitching: LHP Cory bin Nasir al Din
Batting: RHB Eugene McClellan 0-0: Called Strike
0-1: Ball
1-1: Fly out, F9 (Flyball, 9LS, EV 81.2 MPH)
Batting: RHB Lester Kwiatkowski 0-0: Ball
1-0: Foul Ball, location: 2F
1-1: Ball
2-1: Ball
3-1: Base on Balls
Batting: LHB Shohei Otani 0-0: Ball
1-0: Ball
2-0: Called Strike
2-1: SINGLE (Line Drive, 89M, EV 93.8 MPH)
Lester Kwiatkowski to second
Runner from 2nd tries for 3rd, SAFE, no throw by CF
Batting: RHB Felipe Campos 0-0: Ball
1-0: Fielders Choice at 2nd, 5-4 (Groundball, 56S, EV 91.2 MPH)
Lester Kwiatkowski scores
Batting: LHB César Gómes 0-0: Ball
1-0: Swinging Strike
1-1: Fly out, F7 (Flyball, 78D, EV 100.6 MPH)
Top of the 1st over - 1 run, 1 hit, 0 errors, 1 left on base; Hartford 1 - Sunset District 0
BOTTOM OF THE 1ST
Sunset District Fog batting - Pitching for Hartford Pride : RHP Rook Ellington
Pitching: RHP Rook Ellington
Batting: LHB Dallas Ihde 0-0: Called Strike
0-1: Ball
1-1: Ball
2-1: Ground out 5-3 (Groundball, 5L, EV 85.6 MPH)
Batting: LHB Phillip White 0-0: Called Strike
0-1: Ball
1-1: Called Strike
1-2: Ball
2-2: Strikes out swinging
Batting: SHB Rafael Bregonzi 0-0: Ball
1-0: Ball
2-0: Called Strike
2-1: Ball
3-1: SINGLE (Flyball, 9LS, EV 100.0 MPH)
Batting: LHB Juan Fuentes 0-0: Ball
1-0: Ball
2-0: Ball
3-0: Called Strike
3-1: Base on Balls
Rafael Bregonzi to second
Batting: LHB Bradley Wilson 0-0: Called Strike
0-1: Fly out, F7 (Flyball, 78M, EV 88.1 MPH)
Bottom of the 1st over - 0 runs, 1 hit, 0 errors, 2 left on base; Hartford 1 - Sunset District 0
TOP OF THE 2ND
Hartford Pride batting - Pitching for Sunset District Fog : LHP Cory bin Nasir al Din
Batting: LHB Ramón Garmendia 0-0: Ball
1-0: Foul Ball, location: 2F
1-1: Swinging Strike
1-2: Strikes out swinging
Batting: LHB Jorge Ortíz 0-0: Called Strike
0-1: Ground out 4-3 (Groundball, 4, EV 87.5 MPH)
Batting: RHB Ramón Barbosa 0-0: Swinging Strike
0-1: Ball
1-1: Ball
2-1: DOUBLE (Line Drive, 78D, EV 103.8 MPH)
Batting: LHB Carel Oskamp 0-0: Foul Ball, location: 2F
0-1: Ball
1-1: Ball
2-1: Fly out, F8 (Line Drive, 8LD, EV 90.0 MPH)
Top of the 2nd over - 0 runs, 1 hit, 0 errors, 1 left on base; Hartford 1 - Sunset District 0
BOTTOM OF THE 2ND
Sunset District Fog batting - Pitching for Hartford Pride : RHP Rook Ellington
Batting: RHB A.T. Tappman 0-0: Ball
1-0: Called Strike
1-1: Ball
2-1: Fly out, F9 (Line Drive, 9, EV 95.0 MPH)
Batting: LHB Flint Myers 0-0: Ball
1-0: SINGLE (Popup, 56D, EV 71.2 MPH)
Batting: SHB Doug Watson 0-0: Called Strike
0-1: Ball
1-1: Foul Ball, location: 2F
1-2: Ball
2-2: Strikes out swinging
Batting: RHB Denis Taylor 0-0: Ball
1-0: Ball
2-0: Ball
3-0: Called Strike
3-1: Foul Ball, location: 2F
3-2: Foul Ball, location: 2F
3-2: Foul Ball, location: 2F
3-2: Base on Balls
Flint Myers to second
Batting: LHB Dallas Ihde 0-0: Ball
1-0: Swinging Strike
1-1: Foul Ball, location: 2F
1-2: Foul Ball, location: 2F
1-2: Foul Ball, location: 2F
1-2: Ball
2-2: Foul Ball, location: 2F
2-2: Foul Ball, location: 2F
2-2: Foul Ball, location: 2F
2-2: Fielders Choice at 2nd, 5-4 (Groundball, 56, EV 89.4 MPH)
Bottom of the 2nd over - 0 runs, 1 hit, 0 errors, 2 left on base; Hartford 1 - Sunset District 0
TOP OF THE 3RD
Hartford Pride batting - Pitching for Sunset District Fog : LHP Cory bin Nasir al Din
Batting: RHB Eugene McClellan 0-0: Ball
1-0: Called Strike
1-1: Ground out 1-3 (Groundball, 15S, EV 69.4 MPH)
Batting: RHB Lester Kwiatkowski 0-0: Ball
1-0: Ball
2-0: Swinging Strike
2-1: SINGLE (Groundball, 6D, EV 107.5 MPH)
Batting: LHB Shohei Otani 0-0: Ball
1-0: Foul Ball, location: 2F
1-1: Foul Ball, location: 2F
1-2: Fly out, F8 (Flyball, 8LS, EV 90.6 MPH)
Batting: RHB Felipe Campos 0-0: Foul Ball, location: 2F
0-1: Foul Ball, location: 2F
0-2: Foul Ball, location: 2F
0-2: Ball
1-2: Foul Ball, location: 2F
1-2: Foul Ball, location: 2F
1-2: Ball
2-2: Ball
3-2: Base on Balls
Lester Kwiatkowski to second
Batting: LHB César Gómes 0-0: Ball
1-0: Ball
2-0: Ball
3-0: Called Strike
3-1: Base on Balls
Lester Kwiatkowski to third
Felipe Campos to second
Batting: LHB Ramón Garmendia 0-0: Fly out, F7 (Flyball, 7D, EV 99.4 MPH)
Top of the 3rd over - 0 runs, 1 hit, 0 errors, 3 left on base; Hartford 1 - Sunset District 0
BOTTOM OF THE 3RD
Sunset District Fog batting - Pitching for Hartford Pride : RHP Rook Ellington
Batting: LHB Phillip White 0-0: Ball
1-0: Ball
2-0: Called Strike
2-1: Foul Ball, location: 2F
2-2: Ball
3-2: Base on Balls
Batting: SHB Rafael Bregonzi 0-0: Ball
1-0: Swinging Strike
1-1: Foul Ball, location: 2F
1-2: Foul Ball, location: 2F
1-2: Ball
2-2: Ball
3-2: Foul Ball, location: 2F
3-2: Foul Ball, location: 2F
3-2: Fly out, F9 (Line Drive, 9D, EV 99.4 MPH)
Batting: LHB Juan Fuentes 0-0: Foul Ball, location: 2F
0-1: Ball
1-1: Ball
2-1: Grounds into double play, 4-6-3 (Groundball, 4, EV 92.5 MPH)
Bottom of the 3rd over - 0 runs, 0 hits, 0 errors, 0 left on base; Hartford 1 - Sunset District 0
TOP OF THE 4TH
Hartford Pride batting - Pitching for Sunset District Fog : LHP Cory bin Nasir al Din
Batting: LHB Jorge Ortíz 0-0: Called Strike
0-1: Ball
1-1: Foul Ball, location: 2F
1-2: Fly out, F8 (Flyball, 8LM, EV 87.5 MPH)
Batting: RHB Ramón Barbosa 0-0: Ball
1-0: SINGLE (Line Drive, 9S, EV 89.4 MPH)
Batting: LHB Carel Oskamp 0-0: Ball
1-0: Fielders Choice at 2nd, 5-4 (Groundball, 56, EV 108.1 MPH)
Batting: RHB Eugene McClellan 0-0: Called Strike
0-1: Swinging Strike
Pickoff Throw to First - Out! 1-3
Top of the 4th over - 0 runs, 1 hit, 0 errors, 0 left on base; Hartford 1 - Sunset District 0
BOTTOM OF THE 4TH
Sunset District Fog batting - Pitching for Hartford Pride : RHP Rook Ellington
Batting: LHB Bradley Wilson 0-0: Ball
1-0: Foul Ball, location: 2F
1-1: Swinging Strike
1-2: Foul Ball, location: 2F
1-2: Fly out, F7 (Line Drive, 7D, EV 87.5 MPH)
Batting: RHB A.T. Tappman 0-0: Ball
1-0: Ball
2-0: Ball
3-0: Called Strike
3-1: Fly out, F4 (Popup, 13, EV 81.2 MPH)
Batting: LHB Flint Myers 0-0: Called Strike
0-1: Ball
1-1: Ground out 1-3 (Groundball, 34S, EV 86.2 MPH)
Bottom of the 4th over - 0 runs, 0 hits, 0 errors, 0 left on base; Hartford 1 - Sunset District 0
TOP OF THE 5TH
Hartford Pride batting - Pitching for Sunset District Fog : LHP Cory bin Nasir al Din
Batting: RHB Eugene McClellan 0-0: Ball
1-0: Fly out, F7 (Flyball, 7LM, EV 90.6 MPH)
Batting: RHB Lester Kwiatkowski 0-0: Ball
1-0: Fly out, F9 (Flyball, 9LMF, EV 103.1 MPH)
Batting: LHB Shohei Otani 0-0: Fly out, F7 (Flyball, 78D, EV 96.9 MPH)
Top of the 5th over - 0 runs, 0 hits, 0 errors, 0 left on base; Hartford 1 - Sunset District 0
BOTTOM OF THE 5TH
Sunset District Fog batting - Pitching for Hartford Pride : RHP Rook Ellington
Batting: SHB Doug Watson 0-0: Foul Ball, location: 2F
0-1: DOUBLE (Line Drive, 89M, EV 93.8 MPH)
Batting: RHB Denis Taylor 0-0: Swinging Strike
0-1: Called Strike
0-2: Ball
1-2: Fly out, F8 (Line Drive, 8RD, EV 86.9 MPH)
Batting: LHB Dallas Ihde 0-0: Swinging Strike
0-1: Swinging Strike
0-2: Ball
1-2: Ball
2-2: Fly out, F5 (Popup, 25F, EV 84.4 MPH)
Batting: LHB Phillip White 0-0: Ball
1-0: Ground out 6-3 (Groundball, 6, EV 88.1 MPH)
Bottom of the 5th over - 0 runs, 1 hit, 0 errors, 1 left on base; Hartford 1 - Sunset District 0
TOP OF THE 6TH
Hartford Pride batting - Pitching for Sunset District Fog : LHP Cory bin Nasir al Din
Batting: RHB Felipe Campos 0-0: Ball
1-0: Ball
2-0: Called Strike
2-1: Ball
3-1: Fly out, F8 (Line Drive, 8RD, EV 92.5 MPH)
Batting: LHB César Gómes 0-0: Ball
1-0: Fly out, F7 (Flyball, 78M, EV 95.6 MPH)
Batting: LHB Ramón Garmendia 0-0: Foul Ball, location: 2F
0-1: Called Strike
0-2: Ground out 1-3 (Groundball, 15S, EV 75.0 MPH)
Top of the 6th over - 0 runs, 0 hits, 0 errors, 0 left on base; Hartford 1 - Sunset District 0
BOTTOM OF THE 6TH
Sunset District Fog batting - Pitching for Hartford Pride : RHP Rook Ellington
Batting: SHB Rafael Bregonzi 0-0: Ground out 1-3 (Groundball, 15, EV 83.1 MPH)
Batting: LHB Juan Fuentes 0-0: Ball
1-0: Swinging Strike
1-1: Called Strike
1-2: Ground out 1-3 (Groundball, 13S, EV 68.1 MPH)
Batting: LHB Bradley Wilson 0-0: Foul Ball, location: 2F
0-1: Called Strike
0-2: Fly out, F8 (Flyball, 8RD, EV 103.1 MPH)
Bottom of the 6th over - 0 runs, 0 hits, 0 errors, 0 left on base; Hartford 1 - Sunset District 0
TOP OF THE 7TH
Hartford Pride batting - Pitching for Sunset District Fog : LHP Cory bin Nasir al Din
Batting: LHB Jorge Ortíz 0-0: SINGLE (Line Drive, 78M, EV 97.5 MPH)
Pitching: RHP Broderick Langmead
Batting: RHB Ramón Barbosa 0-0: Ball
Wild Pitch!
Jorge Ortíz to second
1-0: Ground out 6-3 (Groundball, 6, EV 80.6 MPH)
Batting: LHB Carel Oskamp 0-0: Ground out 4-3 (Groundball, 34, EV 84.4 MPH)
Jorge Ortíz to third
Batting: RHB Eugene McClellan 0-0: Fly out, F7 (Flyball, 78S, EV 97.5 MPH)
Top of the 7th over - 0 runs, 1 hit, 0 errors, 1 left on base; Hartford 1 - Sunset District 0
BOTTOM OF THE 7TH
Sunset District Fog batting - Pitching for Hartford Pride : RHP Rook Ellington
Batting: RHB A.T. Tappman 0-0: Ball
1-0: Swinging Strike
1-1: Called Strike
1-2: SINGLE (Line Drive, 34, EV 97.5 MPH)
Batting: LHB Flint Myers 0-0: SINGLE (Line Drive, 78S, EV 94.4 MPH)
A.T. Tappman to second
Batting: SHB Doug Watson 0-0: Sac Bunt to 13S - play at first, batter OUT! 1-4
A.T. Tappman to third
Flint Myers to second
Batting: RHB Denis Taylor 0-0: SINGLE (Groundball, 5, EV 105.6 MPH) (infield hit)
A.T. Tappman scores
Flint Myers to third
Pitching: LHP Umebayashi Naofumi
Batting: LHB Dallas Ihde 0-0: Foul Ball, location: 2F
0-1: Called Strike
0-2: Ball
1-2: Foul Ball, location: 2F
1-2: Ball
2-2: SINGLE (Line Drive, 78S, EV 100.0 MPH)
Flint Myers scores
Denis Taylor to second
Batting: LHB Phillip White 0-0: SINGLE (Groundball, 34D, EV 106.2 MPH)
Denis Taylor to third
Dallas Ihde to second
Batting: SHB Rafael Bregonzi 0-0: Called Strike
0-1: Ball
1-1: Swinging Strike
1-2: SINGLE (Groundball, 5D, EV 103.8 MPH)
Denis Taylor scores
Dallas Ihde to third
Phillip White to second
Runner from 3rd tries for Home, SAFE, throw by LF to home
Batting: LHB Juan Fuentes 0-0: Ball
1-0: Called Strike
1-1: Fielders Choice at 2nd, 2-4 (Groundball, 15S, EV 69.4 MPH)
Phillip White to third
Batting: LHB Bradley Wilson 0-0: Called Strike
0-1: DOUBLE (Groundball, 3L, EV 103.1 MPH)
Phillip White scores
Juan Fuentes to third
Runner from 3rd tries for Home, SAFE, no throw by RF
Batting: RHB A.T. Tappman 0-0: Swinging Strike
0-1: Swinging Strike
0-2: Strikes out swinging
Bottom of the 7th over - 6 runs, 7 hits, 0 errors, 1 left on base; Hartford 1 - Sunset District 6
TOP OF THE 8TH
Hartford Pride batting - Pitching for Sunset District Fog : RHP Broderick Langmead
Batting: RHB Lester Kwiatkowski 0-0: Called Strike
0-1: Ground out 6-3 (Groundball, 6D, EV 86.9 MPH)
Batting: LHB Shohei Otani 0-0: Foul Ball, location: 2F
0-1: Ground out 4-3 (Groundball, 4, EV 103.8 MPH)
Batting: RHB Felipe Campos 0-0: Ball
1-0: Ball
2-0: Ball
3-0: Base on Balls
Batting: LHB César Gómes 0-0: SINGLE (Groundball, 34, EV 105.6 MPH) (infield hit)
Felipe Campos to second
Batting: LHB Ramón Garmendia 0-0: Ball
1-0: Ball
2-0: Swinging Strike
2-1: SINGLE (Groundball, 6MD, EV 102.5 MPH)
Felipe Campos to third
César Gómes to second
Runner from 3rd tries for Home, throw by CF and OUT! 8-2
Top of the 8th over - 0 runs, 2 hits, 0 errors, 2 left on base; Hartford 1 - Sunset District 6
BOTTOM OF THE 8TH
Sunset District Fog batting - Pitching for Hartford Pride : LHP Umebayashi Naofumi
Batting: LHB Flint Myers 0-0: Ball
1-0: Swinging Strike
1-1: Fly out, F8 (Line Drive, 8RD, EV 90.0 MPH)
Now in RF: Alfonso Ramírez
Batting: SHB Doug Watson 0-0: Foul Ball, location: 2F
0-1: Ball
1-1: Ground out 1-3 (Groundball, P, EV 63.8 MPH)
Batting: RHB Denis Taylor 0-0: Called Strike
0-1: Foul Ball, location: 2F
0-2: Ball
1-2: Foul Ball, location: 2F
1-2: Ball
2-2: Ball
3-2: Base on Balls
Pitching: RHP Luis Bruno
Batting: LHB Dallas Ihde 0-0: Ball
1-0: Called Strike
1-1: Foul Ball, location: 2F
1-2: Ball
2-2: Ball
3-2: Fly out, F3 (Line Drive, 3, EV 72.5 MPH)
Bottom of the 8th over - 0 runs, 0 hits, 0 errors, 1 left on base; Hartford 1 - Sunset District 6
TOP OF THE 9TH
Hartford Pride batting - Pitching for Sunset District Fog : RHP Broderick Langmead
Batting: LHB Jorge Ortíz 0-0: Ball
1-0: Ball
2-0: Fly out, F7 (Flyball, 7D, EV 86.9 MPH)
Batting: RHB Ramón Barbosa 0-0: Fly out, F8 (Flyball, 8LM, EV 88.8 MPH)
Batting: LHB Alfonso Ramírez 0-0: Ball
1-0: Foul Ball, location: 2F
1-1: Called Strike
1-2: Strikes out swinging
Top of the 9th over - 0 runs, 0 hits, 0 errors, 0 left on base; Hartford 1 - Sunset District 6
Tuesday, January 5th, 2021 - OOTP Baseball 20.8 Build 74